 Dungeon Crawl Stone Soup version 0.16.2-12-gd0ad4c3 (webtiles) character file.

54212 seyes the Thaumaturge (level 14, -8/123 HPs)
             Began as a Naga Conjurer on Sept 17, 2015.
             Was the Champion of Kikubaaqudgha.
             Mangled by an orc warlord
             ... wielding a +1 bardiche of chopping
              (28 damage)
             ... on level 4 of the Orcish Mines.
             The game lasted 06:13:38 (35167 turns).

seyes the Thaumaturge (Naga Conjurer)              Turns: 35167, Time: 06:13:39

Health: -8/123     AC: 21    Str: 10    XL:     14   Next: 71%
Magic:  22/43      EV: 13    Int: 20    God:    Kikubaaqudgha [******]
Gold:   2128       SH:  0    Dex: 23    Spells: 9 memorised, 9 levels left

rFire  + . .     SeeInvis +     c - staff of conjuration
rCold  . . .     Clarity  .     K - +2 robe {MR+}
rNeg   . . .     SustAb   .     (no shield)
rPois  +         Gourm    .     I - +2 helmet {SInv}
rElec  .         Spirit   .     J - +2 cloak {MR+}
rCorr  .         Warding  .     L - +2 pair of gloves
rMut   .         Stasis   .     M - +1 naga barding {rC+}
MR     +++..                    (no amulet)
Stlth  +++.......               m - ring of Ypiuqor {MP+9 Dex+4}
                                D - ring of the Duke {Fire Dex+6}

@: very slightly contaminated, hasted, quick, extremely resistant to hostile
enchantments, fairly stealthy
A: spit poison, constrict 1, see invisible, deformed body, poison resistance,
slowness 2, AC +4
a: Spit Poison, Receive Corpses, Torment, Renounce Religion


You were on level 4 of the Orcish Mines.
You worshipped Kikubaaqudgha.
Kikubaaqudgha was exalted by your worship.
You were not hungry.

You visited 4 branches of the dungeon, and saw 24 of its levels.

You collected 2304 gold pieces.
You spent 176 gold pieces at shops.

Inventory:

Hand weapons
 i - a +3 dagger of pain
Armour
 I - a +2 helmet of see invisible (worn)
 J - a +2 cloak of magic resistance (worn)
 K - a +2 robe of magic resistance (worn)
 L - a +2 pair of gloves (worn)
 M - a +1 naga barding of cold resistance (worn)
Magical staves
 c - an uncursed staff of conjuration (weapon)
Jewellery
 h - an uncursed ring of teleportation
 m - the ring of Ypiuqor (right hand) {MP+9 Dex+4}
   (You found it on level 4 of the Lair of Beasts)

   [ring of magical power]

   It affects your dexterity (+4).
   It affects your magic capacity (+9).
 x - an uncursed ring of flight
 D - the ring of the Duke (left hand) {Fire Dex+6}
   (You found it on level 9 of the Dungeon)

   [ring of fire]

   It enhances your fire magic, and weakens your ice magic.
   It affects your dexterity (+6).
   It protects you from fire.
   It makes you vulnerable to cold.
 F - an uncursed ring of sustain abilities
 G - a +3 ring of protection
 Y - an uncursed ring of protection from cold
Magical devices
 k - a wand of disintegration (12)
 v - a wand of digging (9)
Scrolls
 f - 2 scrolls of fog
 j - 5 scrolls of recharging
 s - a scroll of magic mapping
 y - 4 scrolls of teleportation
 P - 3 scrolls of remove curse
 Q - a scroll of identify
Potions
 n - 4 potions of restore abilities
 t - 2 potions of flight
 A - 4 potions of curing
 B - 3 potions of heal wounds
 O - a potion of haste
Miscellaneous
 l - a phial of floods
 w - a fan of gales
 N - a lantern of shadows
Comestibles
 a - 8 meat rations
 b - 3 chunks of flesh
 g - 10 bread rations
 X - 17 fruits


   Skills:
 - Level 7.4 Fighting
 - Level 6.0 Dodging
 - Level 3.0 Stealth
 + Level 13.0 Spellcasting
 - Level 10.8 Conjurations
 - Level 5.3 Hexes
 - Level 10.6 Charms
 - Level 10.5 Necromancy


You had 9 spell levels left.
You knew the following spells:

 Your Spells              Type           Power        Failure   Level  Hunger
a - Magic Dart            Conj           ####         1%          1    None
b - Searing Ray           Conj           ######       1%          2    None
c - Dazzling Spray        Conj/Hex       ######..     1%          3    None
d - Dispel Undead         Necr           ######..     1%          5    ####...
e - Iskenderun's Mystic   Conj           ######..     1%          4    None
f - Fulminant Prism       Conj/Hex       ######....   1%          4    None
s - Sublimation of Blood  Necr           ######....   1%          2    None
A - Animate Dead          Necr           N/A          1%          4    None
O - Iskenderun's Battles  Conj/Chrm      ######..     1%          5    ####...


Dungeon Overview and Level Annotations

Branches:
Dungeon (11/15)            Temple (1/1) D:7            Lair (8/8) D:9
  Swamp (0/5) Lair:6       Spider (0/5) Lair:4        Slime (0/6) Lair:8
    Orc (4/4) D:11            Elf (0/3) Orc:3

Altars:
Ashenzari
Cheibriados
Dithmenos
Elyvilon
Fedhas
Gozag
Kikubaaqudgha
Makhleb
Nemelex Xobeh
Okawaru
Qazlal
Ru
Sif Muna
Trog
Vehumet
Xom
Yredelemnul
Zin
The Shining One
Jiyva

Shops:
D:6 ?


Innate Abilities, Weirdness & Mutations

You cannot wear boots.
You can spit poison.
You can use your snake-like lower body to constrict enemies.
Your serpentine skin is tough (AC +4).
You have supernaturally acute eyesight.
Armour fits poorly on your strangely shaped body.
Your system is resistant to poisons.
You cover ground very slowly.


Message History

Confirm with . or Enter, or press ? or * to list all spells.
Aiming: Magic Dart
Press: ? - help, Shift-Dir - straight line, f/p - orc warlord
Aim: an orc warlord, wielding a bardiche of chopping and wearing a glowing chain mail (almost dead)
You feel a surge of power!
The magic dart hits the orc warlord.
The orc warlord is almost dead.
Casting: Magic Dart
Confirm with . or Enter, or press ? or * to list all spells.
Aiming: Magic Dart
Press: ? - help, Shift-Dir - straight line, f/p - orc warlord
Aim: an orc warlord, wielding a bardiche of chopping and wearing a glowing chain mail (almost dead)
You feel a surge of power!
The magic dart hits the orc warlord.
The orc warlord is almost dead.
Your battlesphere fires!
The barrage of energy hits the orc warlord.
The orc warlord is almost dead.
Your warg zombie closely misses the orc warlord.
The orc warlord hits you from afar with a bardiche of chopping!!
You die...
Kikubaaqudgha rasps: "You have failed me!
Welcome... death!"

#.....# #.........)...
####.....#### ####.......#.....
##.#.......#.###.#.).#..†...)...
#............##.....#...........
##..............#................
#...............###*..Z.#####..#.
.......#......*...##...## ###
.......####........#...##
......## ##.....@.oZZ...#
.......###.......###.#.##
#).......#.....#..###(..#
...............#### ##)##
#.#............# #......8...
###............# ##...[....
#.........#.## ##.o)....
##.......#### .......
###.........## .#..8.


You could see an orc warlord, a friendly warg zombie and a friendly troll
zombie.

Vanquished Creatures
  Maud (Lair:3)
  Harold (Orc:3)
  5 hydras
  A death yak (Lair:8)
  The ghost of seyes the Infuser, an experienced NaCj of Kikubaaqudgha (D:8)
  An orc high priest (Orc:2)
  4 skeletal warriors (D:10)
  A swamp dragon (Lair:8)
  A hill giant (D:10)
  2 orc sorcerers
  A manticore (Lair:5)
  3 griffons
  Maurice (D:9)
  Joseph (D:9)
  3 elephants
  3 black mambas
  13 spiny frogs
  2 komodo dragons
  5 fire drakes
  2 trolls
  A polar bear (Lair:7)
  Grinder (D:6)
  The ghost of redphilosophy the Ducker, an average DsGl (D:4)
  10 blink frogs
  4 basilisks
  2 deep elf magi
  3 wyverns
  4 trapdoor spiders (Lair:4)
  Grum (D:10)
  8 hippogriffs
  21 yaks
  4 swamp worms (Lair:6)
  16 water moccasins
  16 wolves
  3 wargs
  17 porcupines
  7 ogres
  19 orc warriors
  4 ice beasts
  A wasp (D:10)
  2 sky beasts
  4 centaurs
  Sigmund (D:2)
  8 crocodiles
  A brain worm (Lair:8)
  Blork the orc (D:9)
  A big kobold (D:9)
  19 giant frogs
  2 scorpions
  A water moccasin skeleton (D:5)
  7 killer bees
  2 goliath beetles
  3 electric eels (Lair:1)
  3 crimson imps
  21 orc priests
  A quasit (D:7)
  A centaur skeleton (D:8)
  13 hounds
  4 jellies
  A giant frog zombie (D:5)
  5 worker ants
  9 iguanas
  29 orc wizards
  10 sheep
  A hound skeleton (D:10)
  4 gnolls (D:3)
  22 adders
  46 river rats
  A giant mite (D:4)
  4 shadow imps
  4 worms
  An adder skeleton (D:4)
  6 giant geckos
  2 oozes
  151 orcs
  3 ball pythons
  A bat zombie (D:5)
  21 goblins
  16 hobgoblins
  20 jackals
  13 quokkas
  22 bats
  6 giant cockroaches
  A giant gecko skeleton (D:8)
  7 giant newts
  A giant spore (D:7)
  A jackal skeleton (D:4)
  20 kobolds
  4 orc zombies (Orc:3)
  17 rats
  3 ballistomycetes
  A butterfly (Lair:2)
  A fungus (Lair:8)
  5 plants (Lair:8)
749 creatures vanquished.

Vanquished Creatures (collateral kills)
  2 catoblepae (Lair:8)
  4 death yaks
  2 griffons
  10 elephants
  2 black mambas
  4 spiny frogs
  2 komodo dragons (Lair:7)
  A fire drake (Lair:5)
  A polar bear (Lair:7)
  A basilisk (Lair:7)
  2 hippogriffs
  A steam dragon (Lair:8)
  9 yaks
  A warg (D:10)
  3 wolves
  6 water moccasins
  3 porcupines
  5 orc warriors
  A blink frog zombie (Lair:8)
  A crocodile (Lair:8)
  4 giant frogs
  A killer bee (D:11)
  2 hounds
  An orc priest (D:10)
  An iguana (Lair:6)
  2 orc wizards (D:10)
  A porcupine skeleton (Lair:7)
  A worker ant (D:10)
  3 sheep
  4 adders
  13 river rats
  12 orcs
  2 hobgoblins (D:10)
  A jackal (D:10)
  A rat (D:10)
  2 butterflies (Lair:8)
  39 fungi
  19 plants
170 creatures vanquished.

Vanquished Creatures (others)
  A catoblepas zombie (Lair:8)
  3 hydra zombies (Lair:8)
  A black mamba zombie (Lair:7)
  A hill giant zombie (D:10)
  A spiny frog zombie (Lair:8)
  An elephant zombie (Lair:8)
  33 fulminant prisms
  A komodo dragon zombie (Lair:7)
  A wyvern zombie (D:10)
  A polar bear zombie (Lair:7)
  A troll zombie (D:11)
  A water moccasin zombie (Lair:7)
  7 yak zombies
  4 hippogriff zombies
  5 yak skeletons
  A hippogriff skeleton (Lair:4)
  8 giant frog zombies
  3 basilisk zombies
  A giant frog skeleton (D:10)
  A black bear zombie (Lair:7)
  An elf skeleton (D:10)
  3 porcupine zombies
  3 crocodile zombies
  An ogre zombie (D:11)
  A crocodile skeleton (Lair:6)
  A hound zombie (Lair:7)
  A worker ant zombie (D:11)
  A scorpion zombie (Lair:7)
  2 sheep zombies (Lair:8)
  An orc skeleton (D:10)
  5 adder zombies
  23 orc zombies
  2 adder skeletons
  A giant spore (D:10)
  A goblin skeleton (Orc:2)
  2 hobgoblin zombies
  3 jackal zombies (D:10)
  3 quokka zombies
  4 river rat skeletons
  A butterfly (Lair:2)
  13 fungi
  6 plants
155 creatures vanquished.

Grand Total: 1074 creatures vanquished

Notes
Turn   | Place    | Note
--------------------------------------------------------------
     0 | D:1      | seyes, the Naga Conjurer, began the quest for the Orb.
     0 | D:1      | Reached XP level 1. HP: 15/15 MP: 3/3
   335 | D:1      | Reached XP level 2. HP: 20/22 MP: 0/4
   491 | D:1      | Learned a level 2 spell: Searing Ray
   845 | D:1      | Reached XP level 3. HP: 28/28 MP: 6/6
   926 | D:1      | Reached skill level 5 in Conjurations
  1289 | D:2      | Found a shimmering altar of Xom.
  1299 | D:2      | Noticed Sigmund
  1316 | D:2      | Killed Sigmund
  1316 | D:2      | Reached skill level 6 in Conjurations
  1316 | D:2      | Reached XP level 4. HP: 2/36 MP: 0/7
  1634 | D:2      | Reached XP level 5. HP: 39/42 MP: 9/9
  1654 | D:2      | Learned a level 5 spell: Iskenderun's Battlesphere
  1770 | D:2      | Found a sparkling altar of Nemelex Xobeh.
  2088 | D:2      | Reached skill level 1 in Charms
  2769 | D:3      | Reached XP level 6. HP: 42/49 MP: 7/10
  3379 | D:4      | Noticed redphilosophy's ghost (average DsGl)
  3395 | D:4      | Noticed a water moccasin
  3396 | D:5      | Entered Level 5 of the Dungeon
  3480 | D:4      | Killed a water moccasin
  3480 | D:4      | Reached skill level 5 in Charms
  3480 | D:4      | Reached XP level 7. HP: 11/55 MP: 0/12
  4001 | D:4      | Found a deep blue altar of Sif Muna.
  4049 | D:4      | Killed redphilosophy's ghost
  4560 | D:5      | Reached skill level 7 in Charms
  4632 | D:5      | Found a bloodstained altar of Trog.
  4633 | D:5      | Found a glowing silver altar of Zin.
  4637 | D:5      | Found a snail-covered altar of Cheibriados.
  4668 | D:5      | Reached XP level 8. HP: 40/62 MP: 5/13
  5015 | D:4      | Learned a level 3 spell: Dazzling Spray
  5096 | D:5      | Reached skill level 1 in Hexes
  6776 | D:6      | Found Gazxurux's Magic Scroll Shoppe.
  6784 | D:6      | Bought a scroll of teleportation for 33 gold pieces
  6784 | D:6      | Bought a scroll of remove curse for 33 gold pieces
  6813 | D:6      | Noticed Grinder
  6822 | D:6      | Paralysed by Grinder for 7 turns
  6831 | D:6      | Killed Grinder
  6831 | D:6      | Reached XP level 9. HP: 24/68 MP: 6/19
  7315 | D:6      | Found a blossoming altar of Fedhas.
  7322 | D:6      | Found an iron altar of Okawaru.
  8148 | D:7      | Found a staircase to the Ecumenical Temple.
  8156 | Temple   | Entered the Ecumenical Temple
  8244 | Temple   | Became a worshipper of Kikubaaqudgha
  9231 | D:8      | Noticed seyes' ghost (experienced NaCj)
  9256 | D:8      | Killed seyes' ghost
  9256 | D:8      | Reached skill level 5 in Spellcasting
  9256 | D:8      | Reached skill level 8 in Conjurations
  9256 | D:8      | Reached skill level 5 in Hexes
  9444 | D:8      | Acquired Kikubaaqudgha's first power
  9444 | D:8      | Received a gift from Kikubaaqudgha
  9445 | D:8      | Identified Kikubaaqudgha's Almanac of Evil Secrets (Kikubaaqudgha gifted it to you on level 8 of the Dungeon)
  9582 | D:8      | Reached XP level 10. HP: 75/75 MP: 18/23
 10606 | D:8      | Reached skill level 9 in Conjurations
 11162 | D:9      | Found a staircase to the Lair.
 11819 | D:9      | Noticed Blork the orc
 11829 | D:9      | Killed Blork the orc
 11874 | D:9      | Got a brightly glowing brass ring
 11875 | D:9      | Identified the ring of the Duke {Fire Dex+6} (You found it on level 9 of the Dungeon)
 11999 | D:9      | Noticed Maurice
 12123 | D:9      | Found an opulent altar of Gozag.
 12123 | D:9      | Found a white marble altar of Elyvilon.
 12641 | D:9      | Noticed Joseph
 12660 | D:9      | Killed Joseph
 12770 | D:9      | Found a stormy altar of Qazlal.
 12957 | D:9      | Learned a level 4 spell: Iskenderun's Mystic Blast
 13040 | D:9      | Killed Maurice
 13040 | D:9      | Acquired Kikubaaqudgha's second power
 13137 | Lair:1   | Entered Level 1 of the Lair of Beasts
 13286 | Lair:1   | Reached skill level 10 in Conjurations
 13410 | Lair:1   | Learned a level 2 spell: Sublimation of Blood
 13424 | Lair:1   | Reached XP level 11. HP: 81/81 MP: 18/26
 13498 | Lair:1   | Reached skill level 1 in Necromancy
 13503 | Lair:1   | Reached skill level 10 in Charms
 14394 | Lair:1   | Received a gift from Kikubaaqudgha
 14398 | Lair:1   | Identified Kikubaaqudgha's Grimoire of Necromancy (Kikubaaqudgha gifted it to you on level 1 of the Lair of Beasts)
 14868 | Lair:1   | Noticed a five-headed hydra
 14873 | Lair:1   | Killed a five-headed hydra
 15458 | Lair:2   | Learned a level 4 spell: Animate Dead
 15480 | Lair:1   | HP: 2/81 [blink frog (7)]
 16211 | Lair:2   | Reached skill level 5 in Necromancy
 16793 | Lair:2   | Reached XP level 12. HP: 88/88 MP: 19/29
 17551 | D:6      | Bought a scroll of identify for 22 gold pieces
 17551 | D:6      | Bought a scroll of identify for 22 gold pieces
 17551 | D:6      | Bought 3 scrolls of identify for 66 gold pieces
 18043 | Lair:3   | Acquired Kikubaaqudgha's third power
 18357 | Lair:3   | Noticed Maud
 18376 | Lair:3   | Killed Maud
 19605 | Lair:4   | Found a hole to the Spider Nest.
 20075 | Lair:4   | Reached skill level 10 in Spellcasting
 20382 | Lair:2   | Learned a level 4 spell: Fulminant Prism
 20465 | Lair:4   | Reached skill level 1 in Fighting
 20558 | Lair:4   | Noticed a four-headed hydra
 20757 | Lair:4   | Killed a four-headed hydra
 21076 | Lair:4   | Acquired Kikubaaqudgha's fourth power
 21728 | Lair:4   | Got a flickering granite ring
 21729 | Lair:4   | Identified the ring of Ypiuqor {MP+9 Dex+4} (You found it on level 4 of the Lair of Beasts)
 21807 | Lair:5   | Reached XP level 13. HP: 101/103 MP: 11/31
 22094 | Lair:5   | Found a staircase to the Shoals.
 23231 | Lair:6   | Identified a scroll of acquirement
 23773 | Lair:6   | Reached skill level 5 in Fighting
 23895 | Lair:6   | Found a staircase to the Swamp.
 24805 | Lair:7   | Reached skill level 11 in Spellcasting
 25558 | Lair:8   | Entered Level 8 of the Lair of Beasts
 25560 | Lair:8   | Reached skill level 5 in Dodging
 26552 | Lair:8   | Reached XP level 14. HP: 118/121 MP: 24/33
 26764 | Lair:8   | Found a viscous altar of Jiyva.
 26765 | Lair:8   | Found a staircase to the Slime Pits.
 26877 | Lair:8   | Reached skill level 10 in Necromancy
 27907 | D:10     | Entered Level 10 of the Dungeon
 28262 | D:10     | Found a staircase to the Lair.
 28339 | D:10     | Noticed Grum
 28345 | D:10     | Killed Grum
 28888 | Lair:2   | Learned a level 5 spell: Dispel Undead
 29421 | D:10     | Reached skill level 12 in Spellcasting
 30045 | D:11     | Found a staircase to the Orcish Mines.
 30627 | Orc:1    | Entered Level 1 of the Orcish Mines
 32404 | Orc:1    | Found a bloodstained altar of Trog.
 32614 | Orc:3    | Found a staircase to the Elven Halls.
 32858 | Orc:3    | Noticed Harold
 32871 | Orc:3    | Killed Harold
 34019 | Orc:4    | Entered Level 4 of the Orcish Mines
 35100 | Orc:4    | Reached skill level 13 in Spellcasting
 35141 | Orc:4    | Noticed an orc warlord
 35167 | Orc:4    | Mangled by an orc warlord

Action                   |  1- 3 |  4- 6 |  7- 9 | 10-12 | 13-15 || total
-------------------------+-------+-------+-------+-------+-------++-------
Melee: Whip              |     9 |       |       |       |       ||     9
       Dagger            |     2 |       |       |       |    58 ||    60
       Short sword       |       |     6 |    10 |    10 |   170 ||   196
       Staff             |       |       |       |     1 |     3 ||     4
 Fire: Hunting sling     |    50 |    79 |    14 |       |       ||   143
       Shortbow          |       |       |    65 |     5 |       ||    70
       Blowgun           |       |       |    31 |    74 |       ||   105
Throw: Stone             |     3 |       |     2 |       |       ||     5
 Cast: Magic Dart        |    16 |     7 |     7 |   154 |   420 ||   604
       Searing Ray       |     5 |    24 |    69 |    97 |    25 ||   220
       Iskenderun's Batt |       |       |     1 |    58 |   108 ||   167
       Dazzling Spray    |       |       |       |    25 |    13 ||    38
       Iskenderun's Myst |       |       |       |    29 |    35 ||    64
       Sublimation of Bl |       |       |       |    11 |     4 ||    15
       Fulminant Prism   |       |       |       |     5 |    28 ||    33
       Animate Dead      |       |       |       |     1 |    72 ||    73
       Dispel Undead     |       |       |       |       |    15 ||    15
Invok: Receive Corpses   |       |       |       |       |    12 ||    12
 Abil: Spit Poison       |    14 |    19 |    33 |    41 |     6 ||   113
Evoke: Wand              |       |     2 |     2 |     5 |       ||     9
  Use: Scroll            |     4 |     1 |    12 |    22 |    13 ||    52
       Potion            |     2 |       |       |       |     2 ||     4
 Stab: Sleeping          |       |       |    10 |     8 |     1 ||    19
       Distracted        |       |       |     1 |     2 |       ||     3
  Eat: Chunk             |     2 |     4 |    17 |    37 |    48 ||   108
       Bread ration      |       |     1 |       |     1 |       ||     2
       Beef jerky        |       |     1 |       |       |       ||     1
       Fruit             |       |       |     6 |    11 |    17 ||    34
       Pizza             |       |       |     1 |     1 |     2 ||     4
       Royal jelly       |       |       |       |     1 |       ||     1
